Map: Base du roi Sejong EC

Players

Dragon - Winner!

  • Race: Terran Terran
  • League: Diamond
  • Spawn Location: 5:00

zidar

  • Race: Zerg Zerg
  • Spawn Location: 11:00

VOD

Have the link to the VOD?

Description

Time

  • Played on: Oct. 19, 2016, 10:52 a.m.
  • Length: 10:58
Show
View Real Time Build Order
Export as new Build Order

Dragon Terran - Winner!

Build Orders:  

Get SALT Encoding   

  12  0:01  SCV  
  13  0:13  SCV  
  14  0:25  SCV  
  14  0:26  Supply Depot  
  15  0:30  Refinery  
  15  0:48  SCV  
  15  0:49  Barracks  
  16  1:00  SCV  
  17  1:12  SCV  
  18  1:21  Supply Depot  
  18  1:29  SCV  
  19  1:41  Barracks, Factory  
  19  1:43  Marine  
  20  2:13  SCV  
  20  2:15  Barracks Reactor  
  21  2:28  Factory Tech Lab, Refinery  
  21  2:31  Barracks Reactor  
  21  2:32  Barracks Tech Lab  
  21  2:34  Orbital Command  
  20  2:52  Marine x3  
  23  3:00  Supply Depot  
  23  3:21  Stimpack  
  23  3:22  Marine x3, SCV, Siege Tank  
  23  3:23  Supply Depot  
  30  3:34  SCV  
  31  3:45  Marine x2, Marauder  
  35  3:56  Starport  
  35  4:05  Marine  
  35  4:06  Marine  
  35  4:07  Marauder  
  39  4:40  Supply Depot  
  39  5:02  Marine, SCV, Siege Tank, Medivac  
  39  5:03  Supply Depot  
  46  5:23  Marine  
  46  5:24  Marine, Combat Shield  
  46  5:25  Marauder  
  46  5:26  Command Center  
  50  5:46  Marauder  
  52  5:53  Marine  
  53  5:57  Supply Depot, Medivac  
  53  6:02  Supply Depot  
  55  6:18  Marine x2, Siege Tank  
  55  6:19  Marauder  
  62  6:27  Supply Depot  
  62  6:39  Liberator, SCV  
  63  6:40  Marauder, SCV  
  66  6:51  SCV  
  66  6:53  SCV  
  68  6:55  Supply Depot  
  71  7:06  Marine  
  71  7:07  Marine, Marauder  
  75  7:22  Supply Depot  
  76  7:37  SCV x2  
  77  7:49  SCV  
  78  8:55  Marine x2  
  65  8:56  Marauder  
  59  9:13  Marine x2  
  63  9:17  Marauder  
  61  9:31  Marine  
  61  9:32  Marine  
  64  9:38  Marauder  
  64  9:49  Marine x2  
  66  10:00  Marauder  
  66  10:07  Marine x2  
  68  10:16  Medivac  
  68  10:18  Siege Tank  
  75  10:21  Marauder  
  75  10:25  Marine x2  
  77  10:36  Supply Depot  
Show
View Real Time Build Order
Export as new Build Order

zidar Zerg 

Build Orders: Hatch First 

Get SALT Encoding   

  12  0:01  Drone  
  13  0:13  Overlord  
  13  0:17  Drone  
  14  0:31  Drone x2  
  16  0:51  Hatchery  
  16  0:53  Drone  
  16  0:56  Extractor  
  15  0:58  Drone  
  16  1:17  Spawning Pool  
  15  1:18  Drone  
  15  1:24  Drone  
  17  1:28  Drone  
  18  1:36  Drone  
  19  2:09  Queen x2  
  19  2:12  Zergling x8  
  27  2:18  Metabolic Boost  
  27  2:55  Roach Warren  
  25  3:16  Zergling x6  
  25  3:19  Overlord x3  
  28  3:29  Extractor, Drone  
  28  3:45  Roach x6  
  40  4:03  Overlord x2  
  40  4:07  Roach  
  42  4:10  Ravager x2  
  44  4:18  Drone x2  
  44  4:21  Ravager  
  46  4:40  Roach  
  46  4:41  Roach x2  
  53  4:45  Drone  
  53  4:46  Drone  
  54  5:02  Roach x2  
  54  5:04  Roach  
  60  5:20  Roach x3  
  66  5:24  Ravager  
  67  5:31  Overlord  
  67  5:52  Roach x2  
  67  5:53  Roach x2  
  75  6:07  Overlord  
  75  6:33  Drone x8  
  83  6:46  Lair  
  83  7:07  Overlord x3  
  83  7:28  Hatchery  
  84  7:30  Roach x7  
  96  7:44  Drone x5  
  101  7:59  Overlord x2  
  101  8:00  Overlord  
  101  8:03  Ravager  
  101  8:05  Ravager  
  34  9:06  Roach  
  34  9:07  Roach x10  
  52  9:20  Roach  
  52  9:21  Roach x4  
  46  9:39  Ravager x2  
  46  9:40  Ravager  
  46  9:41  Ravager  
  45  10:11  Roach x6  
  57  10:22  Extractor  
  56  10:30  Evolution Chamber  
  56  10:35  Ravager x3  
Tags
 
Add a new tag
Caveats
  • Supply blocks, unpowered buildings, or Contaminate may cause inaccurate times.
  • Supply counts are checked every 10 seconds.